 Dungeon Crawl Stone Soup version 0.22.1-1-ga44c0e56f4 (webtiles) character file.

252 Kaderl the Cudgeler (level 6, -2/48 HPs)
             Began as a Human Monk on Oct 16, 2018.
             Slain by a kobold
             ... wielding a +0 dagger
              (3 damage)
             ... on level 3 of the Dungeon.
             The game lasted 00:08:37 (4064 turns).

Kaderl the Cudgeler (Human Monk)                    Turns: 4064, Time: 00:08:37

Health: -2/48      AC:  8    Str: 13    XL:     6   Next: 36%
Magic:  6/6        EV: 12    Int: 11    God:
Gold:   75         SH:  3    Dex: 15    Spells: 5/5 levels left

rFire    . . .     SeeInvis .   a - +0 mace
rCold    . . .     Gourm    .   d - +0 buckler
rNeg     . . .     Faith    .   k - +0 ring mail
rPois    .         Spirit   .   b - +2 helmet
rElec    .         Reflect  .   (no cloak)
rCorr    .         Harm     .   (no gloves)
MR       .....                  (no boots)
Stlth    ++........             i - amulet of rage
HPRegen  0.16/turn              (no ring)
MPRegen  0.10/turn              (no ring)

@: lethally poisoned (-2 -> -30), hasted, very quick
A: no striking features
a: Evoke Berserk Rage


You were on level 3 of the Dungeon.
You were not hungry.

You visited 1 branch of the dungeon, and saw 3 of its levels.

You collected 75 gold pieces.

Inventory:

Hand Weapons
 a - a +0 mace (weapon)
Armour
 b - a +2 helmet (worn)
 d - a +0 buckler (worn)
 k - a +0 ring mail (worn)
Jewellery
 g - a +1 ring of protection {unknown}
 i - an amulet of rage (around neck)
 t - an uncursed amulet of magic regeneration {unknown}
Wands
 q - a wand of scattershot (6)
Scrolls
 f - a scroll of enchant armour
 l - 2 scrolls of identify
 n - 2 scrolls of remove curse
 o - a scroll of teleportation
 r - a scroll of enchant weapon {unknown}
Potions
 c - a potion of agility {unknown}
 e - a potion of resistance {unknown}
 h - a potion of brilliance {unknown}
 j - 2 potions of heal wounds {unknown}
 m - 2 potions of lignification {unknown}
Comestibles
 p - 3 rations


   Skills:
 + Level 3.6 Fighting
 + Level 4.4 Maces & Flails
 + Level 2.4 Armour
 + Level 4.0 Dodging
 + Level 2.9 Stealth
 + Level 0.3 Shields


You had 5 spell levels left.
You didn't know any spells.
Your spell library was empty.

Dungeon Overview and Level Annotations

Branches:
Dungeon (3/15)

Altars:


Message History

Your experience leads to an increase in your attributes!
Increase (S)trength, (I)ntelligence, or (D)exterity?
You feel stronger.
* * * LOW HITPOINT WARNING * * *
You feel sick. The kobold barely misses you.
You hit the kobold.
The kobold is severely wounded.
* * * LOW HITPOINT WARNING * * *
You feel very sick. You block the kobold's attack.
You hit the kobold but do no damage.
The kobold is severely wounded.
* * * LOW HITPOINT WARNING * * *
You feel sick.
Okay, then.
You closely miss the kobold.
The kobold is severely wounded.
* * * LOW HITPOINT WARNING * * *
You feel sick. The kobold hits you with a dagger.
You die...

#.#####≈# #...
#..[..### ####
#########.# #
#.....# #.# #
#.###.###.#..#
#
#.###.....#..#
#
#....######..#
#
#.........#..#
#
#.....@#..#..##
#....K).).##..#
#.......<).#))#
####.#####.#..#
#.............#
#.....#####...#
#.....# #####
#.....# #.....#


You could see a kobold.

Vanquished Creatures
  2 big kobolds (D:3)
  Robin (D:1)
  3 adders
  2 worms
  A dart slug (D:3)
  4 leopard geckos
  6 bats
  3 giant cockroaches
  11 goblins
  7 hobgoblins
  9 frilled lizards
  8 kobolds
  10 rats
67 creatures vanquished.

Notes
Turn   | Place    | Note
-------+----------+-------------------------------------------
     0 | D:1      | Kaderl the Human Monk began the quest for the Orb.
     0 | D:1      | Reached XP level 1. HP: 18/18 MP: 1/1
   311 | D:1      | Reached XP level 2. HP: 23/24 MP: 2/2
   734 | D:1      | Reached XP level 3. HP: 29/29 MP: 3/3
  1002 | D:2      | Noticed Robin
  1054 | D:1      | HP: 1/29 [hobgoblin/club[Robin] (1)]
  1416 | D:1      | Killed Robin
  1549 | D:2      | Reached XP level 4. HP: 27/35 MP: 4/4
  1852 | D:2      | Reached skill level 1 in Armour
  2916 | D:3      | Reached XP level 5. HP: 32/41 MP: 5/5
  3343 | D:3      | Noticed a big kobold
  3371 | D:3      | HP: 2/41 [big kobold/dagger of speed (3)]
  3687 | D:3      | Noticed a big kobold
  3694 | D:3      | Killed a big kobold
  4061 | D:3      | Killed a big kobold
  4061 | D:3      | Reached XP level 6. HP: 9/48 MP: 6/6
  4064 | D:3      | HP: 1/48 [poisoned by a big kobold]
  4064 | D:3      | Slain by a kobold

Skill      XL: |  1  2  3  4  5 |
---------------+----------------+-----
Armour         | 1 2 |  2.4
Maces & Flails | 4 |  4.4
Dodging        | 4 |  4.0
Fighting       | |  3.6
Stealth        | |  2.9
Shields        | |  0.3

Action                   |  1- 3 |  4- 6 || total
-------------------------+-------+-------++-------
Melee: Mace              |   112 |   173 ||   285
  Use: Scroll            |     1 |     9 ||    10
       Potion            |       |     1 ||     1
 Stab: Sleeping          |     4 |     4 ||     8
  Eat: Ration            |     1 |     2 ||     3
Armor: Leather armour    |    19 |    15 ||    34
       Ring mail         |       |    53 ||    53
Dodge: Dodged            |   109 |   115 ||   224
Block: Buckler           |       |    24 ||    24
